Map: Nightshade LE

Players

soul - Winner!

  • Race: Terran Terran
  • League: Grandmaster
  • Spawn Location: 5:00

Namshar

  • Race: Zerg Zerg
  • League: Grandmaster
  • Spawn Location: 11:00

Event: StayAtHomestory Cup #1

VOD

Have the link to the VOD?

Description

Time

  • Played on: April 11, 2020, 10:32 a.m.
  • Length: 25:12

All games in this series

Show
View Real Time Build Order
Export as new Build Order

soul Terran - Winner!

Build Orders: Liberator Opening, Reaper Expand 

Get SALT Encoding   

  12  0:00  SCV  
  13  0:13  SCV  
  14  0:17  Supply Depot  
  14  0:25  SCV  
  15  0:39  SCV  
  15  0:41  Barracks  
  16  0:44  Refinery  
  16  0:51  SCV  
  17  1:03  SCV  
  18  1:15  SCV  
  19  1:28  Reaper, Orbital Command  
  20  1:40  Command Center  
  20  1:48  Supply Depot  
  20  1:53  SCV  
  21  2:00  Marine  
  22  2:06  SCV  
  22  2:08  Factory  
  23  2:13  Refinery  
  23  2:18  SCV  
  24  2:23  Barracks Reactor  
  24  2:30  SCV  
  25  2:42  SCV  
  26  2:52  Orbital Command  
  26  2:54  SCV  
  26  2:56  Starport  
  27  3:04  Hellion x2  
  31  3:07  SCV  
  31  3:08  Barracks Tech Lab  
  32  3:18  SCV  
  32  3:19  SCV  
  34  3:25  Hellion  
  34  3:26  Hellion  
  38  3:29  Supply Depot  
  38  3:30  SCV  
  38  3:31  SCV  
  38  3:34  Liberator  
  43  3:42  SCV  
  43  3:43  SCV  
  45  3:50  Hellion x2  
  45  3:53  Supply Depot  
  45  3:54  SCV  
  45  3:55  Stimpack, Marine  
  51  3:57  SCV  
  52  4:06  SCV  
  52  4:09  SCV  
  54  4:15  Hellion x2  
  57  4:18  SCV  
  57  4:19  Starport Reactor  
  57  4:21  SCV  
  57  4:23  Command Center  
  59  4:30  SCV  
  59  4:31  Supply Depot  
  60  4:33  SCV  
  61  4:39  Barracks  
  61  4:42  SCV  
  61  4:45  Factory Tech Lab  
  62  4:46  Barracks  
  62  4:52  SCV, Supply Depot  
  63  4:54  Engineering Bay  
  63  5:01  SCV  
  63  5:04  SCV, Refinery  
  63  5:05  Engineering Bay, Refinery  
  65  5:08  Starport Reactor  
  65  5:13  SCV  
  66  5:16  SCV  
  66  5:18  Siege Tank  
  70  5:22  Terran Infantry Weapons Level 1  
  70  5:23  Marine  
  70  5:25  SCV  
  72  5:29  SCV  
  72  5:31  Supply Depot  
  72  5:35  Marine x2  
  75  5:37  SCV  
  75  5:38  Terran Infantry Armor Level 1  
  75  5:41  SCV, Orbital Command, Marine x2  
  75  5:42  Marine  
  80  5:45  Combat Shield  
  80  5:49  SCV  
  81  5:51  Medivac x2  
  81  5:53  SCV, Marine x2  
  88  5:59  Marine x2  
  88  6:01  Siege Tank  
  88  6:02  SCV  
  94  6:05  SCV, Supply Depot  
  95  6:13  Orbital Command  
  95  6:16  SCV, Marine x3  
  95  6:17  SCV  
  95  6:18  Marine  
  101  6:25  Supply Depot  
  101  6:26  Marine  
  101  6:28  SCV, Supply Depot  
  101  6:29  SCV  
  104  6:34  Marine x2  
  104  6:37  Siege Tank  
  109  6:43  Supply Depot  
  109  6:45  Armory  
  109  6:46  SCV x3  
  112  6:54  Supply Depot  
  112  6:58  SCV x3, Marine x5  
  112  6:59  Supply Depot, Medivac  
  112  7:00  Medivac  
  124  7:08  Factory  
  124  7:10  SCV  
  124  7:13  SCV  
  125  7:15  Marine  
  125  7:16  Marine  
  125  7:19  Siege Tank  
  130  7:27  Marine x2  
  130  7:28  SCV  
  121  7:31  SCV x2  
  121  7:32  Medivac, Command Center  
  124  7:38  Medivac  
  124  7:41  Marine  
  124  7:43  Terran Infantry Weapons Level 2  
  125  7:44  SCV  
  125  7:45  Barracks  
  125  7:47  SCV, Barracks  
  125  7:49  SCV  
  123  7:53  Marine x2  
  123  7:56  SCV  
  123  7:57  Drilling Claws  
  123  7:58  Factory Reactor  
  122  7:59  SCV  
  122  8:02  Medivac  
  122  8:03  SCV, Marine x3  
  128  8:09  Refinery  
  128  8:10  Supply Depot, Refinery, Marine  
  128  8:11  Marine  
  130  8:12  Supply Depot  
  130  8:18  SCV  
  127  8:20  Marine  
  127  8:21  SCV, Marine, Widow Mine  
  127  8:22  Medivac  
  132  8:27  Supply Depot  
  132  8:28  SCV  
  132  8:29  Supply Depot  
  132  8:30  Supply Depot, Marine  
  132  8:31  SCV  
  131  8:34  Medivac, Marine  
  131  8:35  Marine  
  131  8:37  SCV, Marine  
  131  8:39  Widow Mine  
  131  8:40  Widow Mine  
  139  8:42  Widow Mine  
  142  8:49  Marine x2  
  144  8:57  Barracks Reactor x2  
  144  9:00  Widow Mine  
  144  9:01  Widow Mine  
  141  9:03  Widow Mine  
  140  9:13  Terran Infantry Armor Level 2  
  140  9:15  Barracks x2  
  140  9:16  Barracks  
  140  9:20  Planetary Fortress  
  140  9:22  Widow Mine  
  140  9:23  Widow Mine, Sensor Tower  
  144  9:25  Widow Mine  
  146  9:38  Bunker  
  146  9:39  Command Center, Bunker, Marauder, Marine  
  146  9:43  Widow Mine  
  146  9:44  Widow Mine  
  153  9:46  Marine x3  
  156  9:57  Widow Mine  
  155  10:00  Marauder, Terran Vehicle And Ship Armor Level 1  
  155  10:02  Terran Infantry Weapons Level 3  
  155  10:04  Widow Mine  
  147  10:10  Liberator x2  
  147  10:13  Refinery  
  153  10:14  Refinery  
  153  10:15  Marine  
  153  10:16  Marine  
  153  10:18  Marine  
  153  10:19  Marine x5  
  153  10:20  Barracks Tech Lab  
  161  10:21  Barracks Tech Lab  
  161  10:22  Marauder  
  161  10:25  Barracks Tech Lab  
  163  10:31  Widow Mine x2  
  163  10:33  Marine x2  
  169  10:36  Supply Depot, Marine x6  
  169  10:37  Sensor Tower  
  169  10:39  Widow Mine  
  177  10:43  Marauder  
  177  10:50  Marine  
  177  10:51  Marauder  
  177  10:52  Marauder, Marine  
  177  10:53  Widow Mine, Liberator x2  
  193  10:57  Widow Mine  
  193  11:02  Command Center  
  193  11:03  Starport  
  191  11:04  Starport, Marine  
  191  11:05  Marauder, Fusion Core  
  191  11:06  Marine  
  191  11:08  Ghost Academy  
  191  11:09  Marauder  
  197  11:15  Widow Mine  
  199  11:21  Widow Mine  
  199  11:24  Widow Mine  
  197  11:33  Marauder x2  
  197  11:36  Liberator x2  
  197  11:41  Starport Reactor  
  197  11:45  Terran Infantry Armor Level 3  
  197  11:54  Liberator  
  197  12:00  Command Center  
  200  12:14  Planetary Fortress  
  196  12:16  Marauder  
  196  12:20  Personal Cloaking  
  196  12:22  Command Center  
  193  12:25  Command Center, Sensor Tower  
  193  12:27  Widow Mine  
  193  12:31  Advanced Ballistics  
  193  12:45  Liberator  
  197  13:05  Marauder  
  193  13:06  Widow Mine  
  187  13:15  Unknown, Marauder, Refinery x2  
  187  13:17  Starport Reactor, Orbital Command  
  189  13:20  Missile Turret  
  189  13:21  Missile Turret  
  189  13:22  Missile Turret  
  189  13:23  Unknown, Missile Turret, Command Center  
  189  13:27  Command Center  
  189  13:29  Unknown  
  189  13:37  Terran Ship Weapons Level 1, Ghost Academy  
  189  13:38  Ghost Academy  
  186  13:46  Nuke  
  184  13:52  Orbital Command, Liberator  
  187  13:59  Missile Turret  
  187  14:01  Missile Turret, Liberator  
  187  14:02  Missile Turret  
  190  14:06  Sensor Tower  
  190  14:08  Orbital Command  
  190  14:10  Nuke x2  
  185  14:26  Liberator  
  185  14:30  Liberator  
  183  14:43  Medivac  
  182  14:53  Marauder, Marine  
  182  14:54  Marine  
  182  14:55  Marauder x3, Marine x5  
  182  14:57  Widow Mine  
  176  15:01  Marine  
  177  15:15  Marauder  
  177  15:16  Marine  
  177  15:17  Marauder  
  177  15:20  Neosteel Armor, Liberator  
  185  15:23  Planetary Fortress  
  185  15:25  Marine x2, Liberator  
  185  15:26  Marauder x2, Marine x4  
  196  15:30  Widow Mine  
  195  15:36  Marauder  
  195  15:38  Marauder  
  199  15:45  Missile Turret, Liberator  
  199  15:46  Missile Turret, Sensor Tower  
  199  15:47  Marauder x2, Refinery  
  199  15:55  Marine  
  199  15:57  Marauder, Marine  
  194  15:59  Marauder, Nuke x3  
  194  16:02  Widow Mine  
  199  16:08  Marauder  
  197  16:38  Planetary Fortress  
  198  17:03  Unknown x3  
  198  17:06  Refinery  
  198  17:07  Refinery  
  189  17:19  Liberator  
  172  17:33  Widow Mine x2  
  172  17:34  SCV x6  
  172  17:36  Unknown  
  182  17:40  Unknown, Widow Mine  
  186  17:46  SCV  
  186  17:47  SCV x2, Unknown x2, Refinery  
  186  17:48  SCV  
  193  17:53  SCV, Liberator  
  193  17:55  Liberator  
  200  18:02  SCV  
  200  18:04  Unknown  
  200  18:05  SCV  
  200  18:09  Unknown  
  200  18:11  Sensor Tower  
  200  18:12  Missile Turret  
  200  18:15  Unknown x2  
  200  18:20  Command Center  
  200  18:33  Orbital Command  
  200  18:44  Command Center  
  200  18:46  Command Center  
  200  18:48  Command Center  
  197  18:49  Nuke x3  
  197  18:53  Liberator  
  198  19:03  Refinery  
  198  19:06  Concussive Shells  
  198  19:08  Marauder  
  198  19:09  Orbital Command  
  200  19:15  Medivac x3  
  200  19:24  Widow Mine  
  196  19:39  Planetary Fortress  
  192  19:49  Medivac  
  183  19:53  Marauder, Marine  
  183  19:54  Nuke  
  179  20:02  Orbital Command  
  175  20:09  Medivac  
  175  20:11  Liberator x4  
  185  20:18  Orbital Command, Liberator  
  188  20:21  Unknown  
  188  20:26  Missile Turret  
  188  20:27  Missile Turret  
  188  20:28  Orbital Command, Missile Turret  
  186  20:29  Missile Turret  
  186  20:30  Missile Turret  
  186  20:33  Widow Mine x3  
  192  20:51  Marine  
  192  20:52  Marauder x4  
  192  20:54  Widow Mine  
  192  20:55  Widow Mine  
  192  20:56  Liberator  
  192  20:57  Marine, Liberator  
  191  20:59  Marine  
  191  21:02  SCV x5  
  191  21:03  SCV  
  192  21:08  Planetary Fortress  
  192  21:10  Widow Mine  
  193  21:13  Marauder x3  
  193  21:18  Widow Mine  
  198  21:24  Marauder  
  199  21:42  Marine x2  
  199  21:43  Marauder x3, Marine x2  
  199  21:45  Marauder  
  199  21:46  SCV x3  
  200  21:49  SCV  
  197  21:55  Refinery x2, Widow Mine  
  197  21:59  Widow Mine  
  191  22:01  Nuke  
  191  22:02  Nuke x2  
  191  22:04  Marauder x3  
  191  22:05  Missile Turret  
  191  22:06  Marauder, Missile Turret  
  191  22:07  SCV  
  198  22:23  Command Center  
  198  22:25  Marauder  
  197  22:54  SCV x4  
  197  22:57  SCV  
  200  23:15  Refinery  
  200  23:17  Command Center  
  200  23:18  Refinery  
  196  23:25  Command Center  
  188  23:50  Marine  
  188  23:51  Liberator  
  189  24:07  Planetary Fortress  
  186  24:13  Marine x6  
  192  24:18  Unknown  
  192  24:19  Unknown x3  
  196  24:47  Unknown x4, Marine x2  
  196  24:49  Missile Turret  
  196  24:50  Missile Turret x3  
Show
View Real Time Build Order
Export as new Build Order

Namshar Zerg 

Build Orders: Hatch First 

Get SALT Encoding   

  12  0:00  Drone  
  13  0:12  Overlord  
  13  0:17  Drone  
  14  0:30  Drone  
  14  0:31  Drone  
  16  0:48  Hatchery  
  15  0:51  Drone  
  15  0:55  Drone  
  17  0:57  Drone  
  18  1:09  Extractor  
  17  1:13  Spawning Pool  
  17  1:16  Drone  
  17  1:19  Drone  
  18  1:28  Drone  
  19  1:38  Drone  
  20  1:49  Drone  
  21  2:00  Queen x2  
  25  2:03  Zergling x4  
  27  2:14  Hatchery  
  26  2:19  Overlord  
  26  2:24  Drone  
  26  2:29  Drone  
  28  2:36  Metabolic Boost  
  27  2:39  Drone  
  27  2:40  Drone  
  27  2:41  Overlord  
  29  2:50  Drone  
  30  2:51  Drone  
  30  2:53  Queen  
  30  2:56  Drone  
  34  2:58  Drone  
  34  3:05  Drone x2  
  37  3:15  Drone x4  
  37  3:19  Queen  
  41  3:22  Overlord  
  41  3:26  Drone  
  44  3:29  Queen  
  44  3:34  Queen  
  46  3:36  Drone  
  49  3:46  Overlord, Drone x2  
  51  3:51  Drone x2  
  51  3:52  Zergling x6  
  56  4:02  Baneling Nest  
  55  4:06  Zergling x4  
  55  4:07  Drone x5  
  62  4:16  Overlord x2  
  62  4:17  Overlord  
  62  4:20  Drone  
  63  4:27  Spore Crawler  
  63  4:30  Overlord x2  
  62  4:34  Evolution Chamber x2  
  62  4:36  Drone  
  62  4:37  Drone x4  
  65  4:44  Extractor  
  65  4:45  Extractor  
  63  4:49  Drone x6  
  69  5:02  Zergling x6  
  69  5:03  Drone x4  
  72  5:15  Zergling x2  
  72  5:16  Drone x6  
  72  5:17  Drone  
  79  5:22  Zergling x4  
  79  5:27  Drone  
  79  5:28  Drone x3  
  84  5:31  Spore Crawler  
  84  5:35  Drone x4  
  87  5:37  Zerg Melee Weapons Level 1, Zerg Ground Armor Level 1  
  87  5:44  Drone x4  
  87  5:49  Lair  
  91  6:00  Drone  
  92  6:05  Zergling x2  
  92  6:06  Zergling x10  
  92  6:07  Hatchery  
  96  6:19  Extractor x2  
  96  6:21  Drone  
  96  6:22  Drone  
  96  6:24  Hatchery, Drone x2  
  96  6:25  Overlord x4  
  97  6:26  Zergling x2  
  97  6:34  Baneling  
  97  6:35  Baneling x5  
  97  6:36  Baneling  
  97  6:47  Drone  
  97  6:48  Zergling x2  
  97  6:49  Zergling x12  
  97  6:52  Baneling x2  
  97  6:53  Centrifical Hooks  
  105  6:54  Drone  
  105  6:55  Hatchery  
  105  6:56  Drone  
  105  6:57  Infestation Pit, Zergling x2  
  105  6:58  Zergling x12  
  105  6:59  Overseer  
  112  7:06  Zergling x4  
  107  7:27  Zergling x18  
  107  7:28  Zergling x6  
  104  7:34  Zergling x2  
  104  7:35  Zergling x6  
  101  7:49  Drone x2  
  101  7:53  Hive  
  101  8:06  Drone, Extractor  
  101  8:07  Drone x4  
  101  8:08  Baneling x5  
  101  8:10  Zergling x22  
  105  8:22  Zergling x12  
  105  8:25  Spore Crawler  
  108  8:30  Zergling x12  
  108  8:31  Zergling x4  
  112  8:35  Queen  
  112  8:37  Drone x4  
  118  8:47  Drone x5  
  115  8:56  Drone x3  
  115  8:57  Drone x7  
  119  9:05  Adrenal Glands  
  119  9:07  Ultralisk Cavern  
  119  9:08  Zerg Ground Armor Level 2  
  118  9:10  Drone  
  118  9:11  Drone  
  120  9:18  Drone x3  
  120  9:19  Zerg Melee Weapons Level 2  
  120  9:22  Baneling x8  
  123  9:31  Zergling x16  
  128  9:35  Drone  
  128  9:36  Drone x2  
  131  9:44  Drone  
  131  9:45  Drone x10  
  136  10:05  Baneling x4  
  136  10:06  Chitinous Plating, Baneling x2  
  133  10:07  Drone x3  
  133  10:08  Drone x3  
  133  10:09  Queen, Drone  
  133  10:10  Queen  
  133  10:11  Spire  
  133  10:13  Extractor  
  133  10:14  Hatchery  
  141  10:36  Zergling x2  
  141  10:37  Zergling x12  
  148  10:47  Pneumatized Carapace  
  148  10:49  Drone x3  
  145  10:50  Drone  
  145  10:53  Baneling x5  
  145  10:54  Baneling  
  143  11:02  Zergling x2  
  143  11:03  Zergling x6  
  147  11:10  Baneling x7  
  147  11:21  Overseer  
  147  11:23  Drone  
  147  11:24  Spine Crawler, Spore Crawler, Drone x4  
  147  11:25  Overlord, Anabolic Synthesis, Drone x2  
  143  11:26  Overlord x7  
  143  11:27  Overlord  
  143  11:28  Spore Crawler  
  143  11:29  Spine Crawler, Drone  
  143  11:30  Drone x5  
  142  11:37  Ultralisk x2  
  152  11:43  Baneling  
  152  11:50  Spore Crawler, Drone  
  152  11:51  Spine Crawler  
  152  11:52  Ultralisk  
  152  11:53  Corruptor x6  
  171  11:55  Zergling x18  
  180  12:02  Drone x4  
  180  12:04  Zergling x6  
  186  12:10  Drone x6  
  186  12:14  Drone  
  186  12:15  Drone x3  
  184  12:20  Drone x2  
  182  12:26  Spore Crawler  
  182  12:27  Corruptor  
  182  12:28  Spine Crawler, Spore Crawler, Corruptor x3  
  187  12:38  Baneling x10  
  187  12:40  Zergling x6  
  187  12:41  Zergling x16  
  198  12:46  Queen  
  194  13:08  Queen  
  195  13:12  Drone  
  195  13:13  Spore Crawler, Drone x3  
  197  13:20  Overseer x2  
  197  13:21  Overseer  
  197  13:23  Baneling  
  197  13:24  Zergling x8, Baneling x5  
  198  13:45  Hatchery  
  187  13:53  Zergling x34  
  196  13:58  Corruptor  
  197  14:06  Baneling x7  
  197  14:15  Zergling x4  
  180  14:30  Zergling x12, Ultralisk x2  
  180  14:31  Zergling x22  
  199  14:43  Baneling x8  
  175  15:04  Zergling x34  
  175  15:05  Zergling x2  
  192  15:09  Drone x6  
  192  15:10  Drone  
  192  15:11  Overseer  
  192  15:12  Overseer x3  
  192  15:33  Drone x2  
  188  15:43  Drone x3  
  181  15:51  Hatchery, Drone x2  
  179  15:57  Hatchery  
  179  16:03  Drone x6  
  181  16:08  Baneling x11  
  181  16:13  Zergling x2  
  181  16:14  Zergling x24  
  181  16:15  Ultralisk  
  200  16:25  Zergling x26  
  200  16:33  Zerg Flyer Weapons Level 1  
  200  16:39  Baneling x2  
  198  17:03  Drone  
  198  17:04  Drone x2  
  195  17:11  Zergling x10  
  195  17:12  Zergling x2  
  197  17:21  Drone x4  
  197  17:22  Drone x3  
  173  17:27  Zergling x26  
  173  17:28  Zergling x24  
  183  17:53  Corruptor x3  
  183  17:56  Hatchery  
  185  18:00  Zergling x28  
  190  18:24  Extractor  
  190  18:25  Drone x3  
  190  18:26  Drone x2  
  191  18:34  Drone x4  
  191  18:41  Zergling x10  
  173  18:54  Ultralisk  
  173  18:55  Zergling x26, Ultralisk  
  187  19:02  Baneling x13  
  166  19:36  Zergling x2  
  166  19:37  Zergling x38  
  186  19:45  Hatchery  
  173  19:46  Overseer  
  173  19:49  Zergling x14  
  152  20:11  Drone  
  152  20:12  Drone x11  
  164  20:25  Baneling x11  
  164  20:26  Overlord x4, Baneling x9  
  164  20:27  Ultralisk  
  170  20:35  Overseer  
  170  20:36  Overseer  
  170  20:37  Overseer  
  170  20:44  Zergling x24  
  145  21:03  Corruptor x2  
  145  21:04  Corruptor  
  138  21:11  Zergling x18, Ultralisk  
  142  21:22  Corruptor x5  
  141  21:30  Baneling x23  
  139  21:37  Zergling x2  
  139  21:38  Zergling x20  
  141  21:54  Zergling x14  
  145  22:00  Hatchery  
  142  22:05  Zergling x6, Ultralisk x2  
  153  22:24  Corruptor x2  
  153  22:27  Zergling x16  
  153  22:29  Baneling x8  
  165  22:34  Hatchery  
  165  22:37  Drone x3  
  166  22:50  Zergling x14  
  150  23:23  Zergling x26  
  142  23:41  Zergling x12  
  145  23:55  Baneling x17  
  120  24:27  Drone x3  
  106  24:42  Zergling x32  
  121  24:50  Zergling x2  
Tags
 
Add a new tag
Caveats
  • Supply blocks, unpowered buildings, or Contaminate may cause inaccurate times.
  • Supply counts are checked every 10 seconds.